AoeStats
← victordh91

Arabia

505443330Analyzed
1v1 RM · 22d ago on Sep 9, 2026· 46m 2s· 2 players
Game mode
Random Map
Map size
Tiny (2 player)
Population
200
Speed
Normal
Resources
Standard
Victory
Conquest
Starting age
Dark Age
Ending age
Imperial Age
RankedLock teamsTeams togetherTeam positionsShared explorationLock speedFull tech treeHidden civsTurbo modeCheats
Victory
Defeat
🇳🇱 Franks · Netherlands
840
+14
🇳🇴 Vikings · Norway
807
-14
Serge9872
11:38 Feudal Age
12:15 Double-Bit Axe
12:16 Horse Collar
12:59 Loom
19:29 Forging
19:20 Scale Mail Armor
20:07 Padded Archer Armor
24:24 Castle Age
23:13 Stone Mining
26:06 Iron Casting
25:47 Chain Mail Armor
26:23 Heavy Plow
26:21 Pikeman
27:02 Squires
30:03 Bow Saw
31:58 Chieftains
32:54 Gold Mining
37:52 Leather Archer Armor
37:28 Fletching
37:04 Crossbowman
42:48 Imperial Age
victordh91
5:57 Loom
8:51 Feudal Age
19:29 Castle Age
19:17 Scale Barding Armor
19:23 Forging
21:29 Iron Casting
20:51 Double-Bit Axe
21:51 Husbandry
22:58 Gold Mining
28:20 Wheelbarrow
30:21 Hand Cart
32:29 #83
33:49 Bow Saw
34:17 Gold Shaft Mining
35:51 Fletching
36:29 Bodkin Arrow
36:34 Scale Mail Armor
40:52 Padded Archer Armor
42:37 Leather Archer Armor
42:38 Chain Mail Armor
42:44 Chain Barding Armor
45:41 Imperial Age
45:55 Cavalier
Connection lost

Rejoining the realm…

Still unreachable

The connection could not be restored.

Session expired

The server has moved on; the page needs a fresh start.